 Dungeon Crawl Stone Soup version 0.17-a0-1479-g4041c36 (webtiles) character file.

63 urechis the Chiller (level 4, 0/30 HPs)
             Began as a Merfolk Ice Elementalist on July 3, 2015.
             Was an Initiate of Yredelemnul.
             Slain by a sky beast (5 damage)
             ... on level 3 of the Dungeon.
             The game lasted 00:05:45 (2546 turns).

urechis the Chiller (Merfolk Ice Elementalist)      Turns: 2546, Time: 00:05:46

Health: 0/30       AC:  0    Str:  8    XL:     4   Next: 10%
Magic:  5/7        EV: 13    Int: 14    God:    Yredelemnul [......]
Gold:   58         SH:  0    Dex: 15    Spells: 1 memorised, 6 levels left

rFire  . . .     SeeInvis .     h - +0 short sword
rCold  . . .     Clarity  .     j - -2 robe (curse)
rNeg   . . .     SustAt   .     (no shield)
rPois  .         Gourm    .     (no helmet)
rElec  .         Spirit   .     (no cloak)
rCorr  .         Warding  .     (no gloves)
rMut   .         Stasis   .     (no boots)
MR     .....                    (no amulet)
Stlth  ++........               (no ring)
                                (no ring)

@: flying, very slightly contaminated, not resistant to hostile enchantments,
unstealthy
A: change form in water, swift swim
a: Renounce Religion


You were on level 3 of the Dungeon.
You worshipped Yredelemnul.
Yredelemnul was noncommittal.
You were hungry.

You visited 1 branch of the dungeon, and saw 3 of its levels.

You collected 58 gold pieces.

Inventory:

Hand weapons
 h - a +0 short sword (weapon)
Armour
 j - a cursed -2 robe (worn)
Jewellery
 o - a cursed ring of protection from cold {unknown}
Scrolls
 e - a scroll of blinking {unknown}
 f - 2 scrolls of noise {unknown}
 g - 3 scrolls of identify {unknown}
 k - a scroll of enchant weapon {unknown}
 l - a scroll of enchant armour {unknown}
Potions
 a - a potion of flight
 m - a potion of haste {unknown}
 n - a potion of beneficial mutation {unknown}
 p - a potion of ambrosia {unknown}
Books
 b - a book of Frost

   Spells                             Type                      Level
   a - Freeze                         Ice                          1
   b - Throw Frost                    Conjuration/Ice              2
   c - Ozocubu's Armour               Charms/Ice                   3
   d - Throw Icicle                   Conjuration/Ice              4
   e - Summon Ice Beast               Ice/Summoning                4
   f - Condensation Shield            Ice                          4
Comestibles
 c - 2 bread rations
 d - a meat ration
 i - a royal jelly


   Skills:
 - Level 2.6 Dodging
 - Level 2.1 Stealth
 - Level 2.0 Spellcasting
   Level 0.7 Conjurations
 + Level 5.3 Ice Magic


You had 6 spell levels left.
You knew the following spells:

 Your Spells              Type           Power        Failure   Level  Hunger
a - Freeze                Ice            ###.         2%          1    ##.....


Dungeon Overview and Level Annotations

Branches:
Dungeon (3/15)

Altars:
Qazlal
Yredelemnul
The Shining One

Annotations:
D:3 Ontamu's ghost, average DrTm; Terence


Message History

Casting: Freeze
Confirm with . or Enter, or press ? or * to list all spells.
Aiming: Freeze
Press: ? - help, Shift-Dir - straight line, f - sky beast
Aim: a sky beast (rain, lightly wounded)
You miscast Freeze.
You are very lightly contaminated with residual magic.
Frost covers your body. The sky beast closely misses you.
Casting: Freeze
Confirm with . or Enter, or press ? or * to list all spells.
Aiming: Freeze
Press: ? - help, Shift-Dir - straight line, f/p - sky beast
Aim: a sky beast (lightly wounded)
You freeze the sky beast.
The sky beast is lightly wounded.
The sky beast flickers out of sight!
Deactivating autopickup; reactivate with Ctrl-A.
Something hits you.
You die...
Your body rises from the dead as a mindless zombie.

..........####..## #
#..............#
#....##...#.##.##.#
####.....###.......#
.......(.####.######
.##..)..##...# ..
######...### #. ##.{### #.
###.@## ^ #...## ^
###.###################
#...####...............
#####.###.....##.....###.##
#.....................#..##
.................(<.......###
.......##................##
..##### #................#


There were no monsters in sight!

Vanquished Creatures
  2 adders (D:2)
  A worm (D:2)
  2 giant geckos (D:1)
  A ball python (D:2)
  3 bats
  5 hobgoblins
  3 jackals (D:2)
  3 kobolds
  A quokka (D:3)
  4 giant newts
  5 goblins
  8 rats
38 creatures vanquished.

Notes
Turn   | Place    | Note
--------------------------------------------------------------
     0 | D:1      | urechis the Merfolk Ice Elementalist began the quest for the Orb.
     0 | D:1      | Reached XP level 1. HP: 13/13 MP: 3/3
   355 | D:1      | Reached XP level 2. HP: 19/19 MP: 1/5
   417 | D:1      | Reached skill level 4 in Ice Magic
   819 | D:2      | Reached XP level 3. HP: 20/24 MP: 1/6
  1484 | D:2      | Reached skill level 5 in Ice Magic
  1609 | D:2      | Found a glowing golden altar of the Shining One.
  2069 | D:2      | Reached XP level 4. HP: 30/30 MP: 7/7
  2167 | D:2      | Found a basalt altar of Yredelemnul.
  2173 | D:2      | Noticed an angel
  2442 | D:2      | Noticed a profane servitor
  2447 | D:2      | Became a worshipper of Yredelemnul the Dark
  2480 | D:3      | Found a stormy altar of Qazlal.
  2481 | D:3      | Noticed Terence
  2524 | D:3      | Noticed a sky beast
  2540 | D:3      | Noticed Ontamu's ghost (average DrTm)
  2546 | D:3      | Slain by a sky beast

Vault maps used:
D:1:      mrwooster_arrival_statue_3
D:2:      grunt_temple_overflow_holy_war
D:3:      corexii_shack_village, grunt_temple_overflow_forces_of_nature,
          nicolae_qazlal_eye_of_the_storm, uniq_terence

Action                   |  1- 3 |  4- 6 || total
-------------------------+-------+-------++-------
Melee: Short sword       |    36 |    20 ||    56
 Cast: Freeze            |    41 |     1 ||    42
  Use: Potion            |       |     1 ||     1
 Stab: Sleeping          |     4 |     2 ||     6
  Eat: Chunk             |     3 |     2 ||     5
